 Dungeon Crawl Stone Soup version 0.20.0-15-g7f486f2 (webtiles) character file.

51994 mcbry the Grappler (level 14, 0/146 HPs)
             Began as a Troll Monk on June 19, 2017.
             Was a High Priest of Cheibriados.
             Slain by an entropy weaver (11 damage)
             ... on level 5 of the Lair of Beasts.
             The game lasted 02:00:02 (19839 turns).

mcbry the Grappler (Troll Monk)                    Turns: 19839, Time: 02:00:04

Health: 0/146      AC:  6    Str: 40    XL:     14   Next: 25%
Magic:  17/21      EV: 16    Int: 20    God:    Cheibriados [*****.]
Gold:   1169       SH:  2    Dex: 28    Spells: 13/13 levels left

rFire    + . .     SeeInvis .     - Unarmed
rCold    + . .     Gourm    +   (no shield)
rNeg     . . .     Faith    .   m - +0 steam dragon scales
rPois    .         Spirit   .   B - +2 hat
rElec    +         Reflect  +   T - scarf {rC+ rF+}
rCorr    .         Harm     .   (gloves unavailable)
MR       +....                  (boots unavailable)
Stlth    ++++......             Q - +2 amulet of reflection
Regen    1.2/turn               F - +2 ring of slaying
MPRegen  0.2/turn               h - ring of stealth

@: lethally poisoned (0 -> -8), about to teleport, corroded, very slow
A: unfitting armour, claws 3, thin skeletal structure 1, fast metabolism 3,
gourmand, regeneration 2, shaggy fur 1, electricity resistance, tough skin 2,
wild magic 1, MP-powered wands
a: Bend Time, Temporal Distortion, Slouch, Step From Time, Renounce Religion


You were on level 5 of the Lair of Beasts.
You worshipped Cheibriados.
Cheibriados was extremely pleased with you.
You were not hungry.

You visited 3 branches of the dungeon, and saw 19 of its levels.

You collected 1674 gold pieces.
You spent 505 gold pieces at shops.

Inventory:

Hand Weapons
 a - a +0 blowgun
Missiles
 d - 12 curare-tipped needles
 q - 74 poisoned needles
 t - 238 stones
 v - 13 tomahawks (quivered)
 O - 3 silver tomahawks
 P - 5 tomahawks of returning
Armour
 m - +0 steam dragon scales (worn)
 B - a +2 hat (worn)
 T - a scarf of resistance (worn)
Jewellery
 f - a +2 ring of dexterity
 h - a ring of stealth (right claw)
 s - an uncursed ring of see invisible
 x - an uncursed ring of protection from cold
 F - a +2 ring of slaying (left claw)
 K - an uncursed ring of protection from cold
 Q - a +2 amulet of reflection (around neck)
 Z - an uncursed ring of flight
Wands
 D - a wand of disintegration (9/24)
Scrolls
 c - 2 scrolls of identify
 e - a scroll of enchant armour
 o - 7 scrolls of remove curse
 p - a scroll of holy word
 r - 9 scrolls of teleportation
 w - 4 scrolls of fog
 z - 2 scrolls of fear
 N - a scroll of magic mapping
 S - a scroll of summoning
Potions
 g - 9 potions of curing
 j - 3 potions of resistance
 k - 3 potions of magic
 l - 4 potions of flight
 n - 6 potions of lignification
 A - 2 potions of might
 E - 4 potions of cancellation
 G - a potion of heal wounds
 I - 3 potions of ambrosia
 J - 4 potions of mutation
 R - a potion of agility {unknown}
 W - a potion of berserk rage {unknown}
Comestibles
 b - 9 bread rations
 i - 10 meat rations
 u - 8 royal jellies
 U - 2 fruits


   Skills:
 + Level 11.5 Fighting
 + Level 7.7 Throwing
 + Level 3.0 Armour
 + Level 6.3 Dodging
 - Level 1.0 Stealth
 + Level 13.7 Unarmed Combat
 + Level 11.0 Invocations


You had 13 spell levels left.
You didn't know any spells.

Dungeon Overview and Level Annotations

Branches:
Dungeon (13/15)            Temple (1/1) D:5            Lair (5/6) D:10
  Swamp (0/4) Lair:3       Spider (0/4) Lair:4        Slime (0/5) Lair:5
    Orc (0/2) D:12         Vaults (0/5) D:13

Altars:
Ashenzari
Cheibriados
Dithmenos
Elyvilon
Fedhas
Gozag
Hepliaklqana
Kikubaaqudgha
Makhleb
Nemelex Xobeh
Okawaru
Qazlal
Ru
Sif Muna
Trog
Uskayaw
Vehumet
Xom
Yredelemnul
Zin
The Shining One
Jiyva

Shops:
D:5 ?   D:8 ?   D:12 *   D:13 !

Annotations:
D:11 Sonja


Innate Abilities, Weirdness & Mutations

You are too large for most types of armour.
You have claws for hands.
Your metabolism is lightning-fast.
You like to eat raw meat.
You heal very quickly.
You are covered in fur. (AC +1)
You have very tough skin. (AC +2)
You have a somewhat thin skeletal structure. (Dex +2, Stealth)
You are resistant to electric shocks. (rElec)
Your spells are a little harder to cast, but a little more powerful.
You expend magic power (3 MP) to strengthen your wands.


Message History

You feel sick. The soldier ant stings you!
The entropy weaver closely misses you. The entropy weaver hits you!
The entropy weaver misses you.
The entropy weaver hits you but does no damage.
The soldier ant closely misses you. The soldier ant stings you!
* * * LOW HITPOINT WARNING * * *
A soldier ant comes into view.
As you read the scroll of teleportation, it crumbles to dust.
You feel strangely unstable.
You feel sick. The soldier ant stings you!
* * * LOW HITPOINT WARNING * * *
You are more poisoned.
The soldier ant poisons you! The soldier ant barely misses you.
The entropy weaver hits you.
* * * LOW HITPOINT WARNING * * *
The entropy weaver hits you.
* * * LOW HITPOINT WARNING * * *
The entropy weaver hits you!
* * * LOW HITPOINT WARNING * * *
The entropy weaver hits you!
You die...

#....## #........ #.....## ..#
.#. #........ ##.##..###.. $^
##....... ##.^..# (..a ..
#........ ###....# ...###% ###
##........ ......##
#..#..###.###P........ ......# #
#.a.##..#.####....... ......##
#.#'aa#....## #....... .......#
#..aa@a..P#####..#..#P .......##
##..aa....P##....#..## .........#
##....P#..###..##### ..........
###.###P........#### .........P#
##.####......#.... ...........
#### ##..........
......<....#####.#### .#.........
...........#..##.##P###..........
..................P.###..........


You could see an entropy weaver and 8 soldier ants.

Vanquished Creatures
  4 hydras
  2 centaur warriors (D:13)
  5 vault guards (D:13)
  6 two-headed ogres
  An ogre mage (D:13)
  A death knight (D:13)
  A deep elf knight (D:13)
  An unseen horror (D:13)
  A swamp dragon (shapeshifter) (D:13)
  A deep elf archer (D:13)
  An orc sorcerer (D:13)
  2 ugly things
  2 manticores
  6 black mambas
  Joseph (D:7)
  A torpor snail (Lair:4)
  2 gargoyles (D:11)
  5 spiny frogs
  9 komodo dragons
  A rime drake (Lair:2)
  4 trolls
  A polar bear (Lair:4)
  5 slime creatures (D:12)
  3 blink frogs (Lair:3)
  12 hippogriffs
  7 dream sheep (Lair:5)
  A spriggan (D:8)
  2 shadows
  4 wyverns
  2 wraiths (D:12)
  42 yaks
  3 basilisks
  2 hungry ghosts
  A steam dragon (D:12)
  4 soldier ants
  8 water moccasins
  8 porcupines
  2 two-headed ogre zombies (D:12)
  7 black bears
  13 orc warriors
  3 sky beasts
  An ice beast (D:10)
  2 hornet zombies
  8 ogres
  2 eyes of draining
  2 necrophages (D:9)
  3 phantoms (D:12)
  3 wolves (Lair:3)
  8 crocodiles
  15 centaurs
  16 bullfrogs
  The ghost of asdu the Gusty, an amateur TeAE (D:3)
  3 big kobolds
  A gnoll sergeant (D:9)
  A wyvern zombie (D:12)
  3 troll zombies (D:12)
  6 scorpions
  14 wights
  4 killer bees
  3 howler monkeys
  2 crimson imps
  3 quasits
  3 bullfrog zombies
  2 centaur zombies
  9 hounds
  5 jellies
  4 human zombies (D:12)
  7 orc priests
  3 bullfrog skeletons
  3 centaur skeletons
  22 orc wizards
  4 iguanas
  A human skeleton (D:12)
  16 worker ants
  3 ogre zombies (D:12)
  A hound skeleton (D:9)
  A hound zombie (D:5)
  3 mummies (D:12)
  A worker ant zombie (D:9)
  17 gnolls
  A howler monkey skeleton (D:9)
  18 adders
  6 shadow imps
  An ooze (D:3)
  2 adder zombies (D:9)
  2 adder skeletons
  2 worms
  2 dart slugs (D:2)
  10 leopard geckos
  65 orcs
  2 giant cockroaches
  8 goblins
  15 hobgoblins
  3 jackals (D:5)
  13 kobolds
  3 quokkas
  4 ball pythons
  8 bats
  6 frilled lizards
  A goblin skeleton (D:12)
  2 goblin zombies (D:12)
  2 hobgoblin skeletons (D:12)
  5 hobgoblin zombies (D:12)
  3 orc skeletons (D:12)
  12 orc zombies (D:12)
  A quokka skeleton (D:6)
  A quokka zombie (D:5)
  6 rats
  A fungus (Lair:5)
598 creatures vanquished.

Vanquished Creatures (collateral kills)
  An orc (D:12)
1 creature vanquished.

Vanquished Creatures (others)
  3 fungi
  A plant (D:10)
4 creatures vanquished.

Grand Total: 603 creatures vanquished

Notes
Turn   | Place    | Note
-------+----------+-------------------------------------------
     0 | D:1      | mcbry the Troll Monk began the quest for the Orb.
     0 | D:1      | Reached XP level 1. HP: 22/22 MP: 0/0
   159 | D:1      | Reached XP level 2. HP: 28/29 MP: 1/1
   633 | D:1      | Reached XP level 3. HP: 36/36 MP: 2/2
  1181 | D:2      | Reached skill level 4 in Unarmed Combat
  1218 | D:2      | Reached XP level 4. HP: 39/45 MP: 3/3
  1836 | D:3      | Reached skill level 5 in Unarmed Combat
  1864 | D:3      | Found a hide-covered altar of Uskayaw.
  1865 | D:3      | Noticed asdu's ghost (amateur TeAE)
  1884 | D:3      | Killed asdu's ghost
  1884 | D:3      | Reached XP level 5. HP: 44/53 MP: 4/4
  2429 | D:3      | Found a bloodstained altar of Trog.
  2679 | D:4      | Found a glowing silver altar of Zin.
  2695 | D:4      | Reached XP level 6. HP: 60/61 MP: 5/5
  2737 | D:4      | Reached skill level 6 in Unarmed Combat
  3359 | D:4      | Reached XP level 7. HP: 71/71 MP: 6/6
  3918 | D:4      | Reached skill level 7 in Unarmed Combat
  4154 | D:5      | Entered Level 5 of the Dungeon
  4194 | D:5      | Reached skill level 5 in Fighting
  4396 | D:5      | Found a staircase to the Ecumenical Temple.
  4414 | Temple   | Entered the Ecumenical Temple
  4597 | Temple   | Became a worshipper of Cheibriados the Contemplative
  4597 | Temple   | Reached * piety under Cheibriados
  4597 | Temple   | Reached ** piety under Cheibriados
  4638 | D:5      | Found Goepni's Magic Scroll Emporium.
  4659 | D:5      | Bought a scroll of fear for 49 gold pieces
  4778 | D:5      | Reached skill level 1 in Invocations
  4778 | D:5      | Reached XP level 8. HP: 71/81 MP: 7/7
  5248 | D:6      | Reached skill level 8 in Unarmed Combat
  5653 | D:6      | Reached *** piety under Cheibriados
  6127 | D:7      | Noticed Joseph
  6307 | D:7      | Reached XP level 9. HP: 84/92 MP: 10/10
  6369 | D:7      | Gained mutation: You expend magic power (3 MP) to strengthen your wands. [mutagenic meat]
  6378 | D:7      | Reached skill level 9 in Unarmed Combat
  6455 | D:7      | Found a sacrificial altar of Ru.
  6537 | D:7      | Killed Joseph
  7067 | D:8      | Reached skill level 5 in Invocations
  7077 | D:8      | Noticed a two-headed ogre
  7089 | D:8      | Killed a two-headed ogre
  7089 | D:8      | Reached skill level 10 in Unarmed Combat
  7203 | D:8      | Reached XP level 10. HP: 103/104 MP: 13/13
  7256 | D:8      | Noticed a two-headed ogre
  7290 | D:8      | Killed a two-headed ogre
  7541 | D:8      | Found a blossoming altar of Fedhas.
  7557 | D:8      | Found Raip Oci's Magic Scroll Shop.
  7931 | D:9      | Reached **** piety under Cheibriados
  8358 | D:9      | Gained mutation: You have a somewhat thin skeletal structure. (Dex +2, Stealth) [mutagenic meat]
  8359 | D:9      | Gained mutation: Your spells are a little harder to cast, but a little more powerful. [mutagenic meat]
  8360 | D:9      | Gained mutation: You heal very quickly. [mutagenic meat]
  8400 | D:9      | Found a basalt altar of Yredelemnul.
  8406 | D:9      | Noticed a green ugly thing
  8582 | D:9      | Reached skill level 11 in Unarmed Combat
  8721 | D:9      | Found a burning altar of Makhleb.
  8872 | D:9      | Reached ***** piety under Cheibriados
  8936 | D:9      | Killed a green ugly thing
  8936 | D:9      | Reached XP level 11. HP: 106/115 MP: 11/15
  8954 | D:9      | Noticed a two-headed ogre
  8961 | D:9      | Killed a two-headed ogre
  9053 | D:9      | Found a shattered altar of Ashenzari.
  9665 | D:10     | Entered Level 10 of the Dungeon
  9837 | D:10     | Found a staircase to the Lair.
 10634 | D:10     | Reached skill level 1 in Throwing
 10779 | D:11     | Noticed a two-headed ogre
 10790 | D:11     | Killed a two-headed ogre
 11229 | D:11     | Noticed Sonja
 11741 | D:11     | Reached skill level 12 in Unarmed Combat
 11910 | D:11     | Reached ****** piety under Cheibriados
 12022 | D:12     | Gained mutation: You are resistant to electric shocks. (rElec) [mutagenic meat]
 12246 | D:12     | Reached skill level 10 in Fighting
 12275 | D:12     | Reached XP level 12. HP: 123/126 MP: 17/17
 12424 | D:12     | Noticed a two-headed ogre
 12428 | D:12     | Killed a two-headed ogre
 12529 | D:12     | Found a staircase to the Orcish Mines.
 12630 | D:12     | Found Oxyeshry's General Store.
 12638 | D:12     | Bought a potion of curing for 42 gold pieces
 12638 | D:12     | Bought a scroll of teleportation for 42 gold pieces
 13328 | D:12     | Found a basalt altar of Yredelemnul.
 13484 | D:13     | Noticed a centaur warrior
 13495 | D:12     | Reached skill level 5 in Throwing
 13582 | D:13     | Killed a centaur warrior
 13610 | D:13     | Found Owkumys's Distillery.
 13627 | D:13     | Bought a potion of curing for 36 gold pieces
 13627 | D:13     | Bought a potion of cancellation for 96 gold pieces
 13627 | D:13     | Bought 2 potions of flight for 72 gold pieces
 13627 | D:13     | Bought a potion of ambrosia for 96 gold pieces
 13627 | D:13     | Bought a potion of degeneration for 12 gold pieces
 13627 | D:13     | Bought a potion of heal wounds for 60 gold pieces
 13690 | D:13     | Noticed a death knight
 13709 | D:13     | Killed a death knight
 13956 | D:13     | Noticed a centaur warrior
 13961 | D:13     | Killed a centaur warrior
 14106 | D:13     | Noticed an eight-headed hydra
 14120 | D:13     | Killed an 11-headed hydra
 14123 | D:13     | Noticed a two-headed ogre
 14138 | D:13     | Killed a two-headed ogre
 14236 | D:13     | Noticed a vault guard
 14293 | D:13     | Noticed a vault guard
 14356 | D:13     | Reached skill level 10 in Invocations
 14356 | D:13     | Reached XP level 13. HP: 124/135 MP: 19/19
 15096 | D:13     | Reached skill level 5 in Dodging
 15096 | D:13     | Reached skill level 13 in Unarmed Combat
 15259 | D:13     | Found a gate to the Vaults.
 15574 | Lair:1   | Entered Level 1 of the Lair of Beasts
 15643 | Lair:1   | Reached skill level 1 in Armour
 15975 | Lair:1   | Found a shimmering altar of Xom.
 16239 | Lair:1   | Got a slimy long sword
 16240 | Lair:1   | Identified the +8 long sword "Arutoru" {slice, rN+++ Str-4 Dex-5} (You found it on level 1 of the Lair of Beasts)
 16903 | Lair:2   | Found a glowing golden altar of the Shining One.
 17177 | Lair:3   | Found a staircase to the Swamp.
 18128 | Lair:4   | Reached XP level 14. HP: 131/146 MP: 17/21
 18222 | Lair:4   | Found a hole to the Spider Nest.
 18600 | Lair:4   | Found a runed door.
 18921 | Lair:4   | Got a jewelled glaive
 18922 | Lair:4   | Identified the cursed +2 glaive of Qazlal's Delight {freeze, -Tele rPois Str+5} (You found it on level 4 of the Lair of Beasts)
 19491 | Lair:5   | Found a staircase to the Slime Pits.
 19491 | Lair:5   | Found a viscous altar of Jiyva.
 19829 | Lair:5   | Noticed an entropy weaver
 19839 | Lair:5   | Slain by an entropy weaver

Skill      XL: |  1  2  3  4  5  6  7  8  9 10 11 12 13 14 |
---------------+-------------------------------------------+-----
Unarmed Combat | 4 5 6 7 8 10 11 12 13 | 13.7
Fighting       | 3 4 5 6 7 9 10 11 | 11.5
Invocations    | 1 3 5 7 8 10 11 | 11.0
Throwing       | 3 5 7 |  7.7
Dodging        | 4 6 |  6.3
Armour         | 2 3 |  3.0
Stealth        | |  1.0

Action                   |  1- 3 |  4- 6 |  7- 9 | 10-12 | 13-15 || total
-------------------------+-------+-------+-------+-------+-------++-------
Melee: Unarmed           |    84 |   144 |   223 |   574 |   253 ||  1278
       Punch             |     1 |     5 |    14 |    45 |    25 ||    90
       Falchion          |       |    20 |    45 |       |       ||    65
 Fire: Blowgun           |       |       |       |       |    41 ||    41
Throw: Stone             |       |    29 |     1 |     2 |       ||    32
       Tomahawk          |       |       |       |    82 |   201 ||   283
Invok: Bend Time         |       |       |     5 |    21 |    14 ||    40
       Slouch            |       |       |       |     5 |     4 ||     9
  Use: Scroll            |       |     6 |     4 |    11 |     5 ||    26
       Potion            |       |       |       |     5 |     3 ||     8
 Stab: Sleeping          |     1 |     6 |     4 |    21 |     1 ||    33
       Distracted        |       |       |     1 |     3 |       ||     4
  Eat: Chunk             |    13 |    16 |    30 |    44 |    20 ||   123
       Bread ration      |       |     1 |       |       |     3 ||     4
       Fruit             |       |       |       |     2 |     1 ||     3
       Meat ration       |       |       |       |     2 |       ||     2
Armor: Robe              |    25 |    20 |    87 |   117 |       ||   249
       Steam dragon scal |       |       |       |    52 |    76 ||   128
Dodge: Dodged            |    35 |    54 |   164 |   306 |   180 ||   739
Block: Other             |       |       |       |    20 |    19 ||    39
       Reflection        |       |       |       |     4 |     1 ||     5
       Rpst.: Falchion   |       |     7 |     9 |       |       ||    16
